 Dungeon Crawl Stone Soup version 0.29-b1-11-g2030932060 (webtiles) character file.

Game seed: 2247112021965705538

11198 raph the Tainter (level 11, -15/88 HPs)
             Began as a White Draconian Venom Mage on Aug 23, 2022.
             Was a Priest of Sif Muna.
             Killed from afar by a molten gargoyle (35 damage)
             ... with a bolt of magma
             ... on level 11 of the Dungeon.
             The game lasted 00:33:44 (17074 turns).

raph the Tainter (White Draconian Venom Mage)      Turns: 17074, Time: 00:33:45

Health: -15/88     AC: 12    Str: 18    XL:     11   Next: 46%
Magic:  29/29      EV: 15    Int: 19    God:    Sif Muna [***...]
Gold:   477        SH:  0    Dex: 16    Spells: 6/22 levels left

rFire   . . .      SeeInvis .   a - +6 war axe "Goblinbane" {freeze, rN+ Will+ Str+3 Dex+4}
rCold   + + .      Faith    .   (no shield)
rNeg    + . .      Spirit   .   (body armour unavailable)
rPois   .          Reflect  +   (helmet restricted)
rElec   .          Harm     .   h - +1 cloak of the Moon Troll {rC+ Str+4}
rCorr   .          Rampage  .   (no gloves)
Will    ++...                   t - +2 pair of boots
Stlth   +.........              o - amulet of reflection
HPRegen 0.24/turn               y - ring of magical power
MPRegen 0.21/turn               C - ring of willpower

@: confused, ambrosia-drunk
A: breathe frost, AC +7, unfitting armour, cold resistance 1, cold-blooded
a: Breathe Frost, Renounce Religion, Channel Magic, Forget Spell


You were on level 11 of the Dungeon.
You worshipped Sif Muna.
Sif Muna was most pleased with you.
You visited 2 branches of the dungeon, and saw 12 of its levels.

You collected 594 gold pieces.
You spent 117 gold pieces at shops.

Inventory:

Hand Weapons
 a - the +6 war axe "Goblinbane" (weapon) {freeze, rN+ Will+ Str+3 Dex+4}
   (You found it on level 3 of the Dungeon)

   It freezes those it strikes, dealing additional cold damage.
   It can also slow down cold-blooded creatures.
   Str:       It affects your strength (+3).
   Dex:       It affects your dexterity (+4).
   rN:        It protects you from negative energy.
   Will:      It increases your willpower.
 d - a +1 vorpal whip
 n - the +3 mace "Edaluer" {spect, rF+ rCorr Dex+2}
   (You found it on level 4 of the Dungeon)

   When its wielder attacks, the weapon's spirit leaps out and strikes again.
   The spirit shares a part of any damage it takes with its wielder.
   Dex:       It affects your dexterity (+2).
   rF:        It protects you from fire.
   rCorr:     It protects you from acid and corrosion.
Missiles
 b - 55 poisoned darts
 k - a throwing net
Armour
 h - the +1 cloak of the Moon Troll (worn) {rC+ Str+4}
   (You acquired it on level 3 of the Dungeon)

   Str:       It affects your strength (+4).
   rC:        It protects you from cold.
 t - a +2 pair of boots (worn)
Jewellery
 f - a ring of ice
 o - an amulet of reflection (around neck)
 y - a ring of magical power (left hand)
 C - a ring of willpower (right hand)
Wands
 r - a wand of flame (6)
 D - a wand of polymorph (3)
 G - a wand of roots (8)
Scrolls
 g - 4 scrolls of amnesia
 i - 3 scrolls of magic mapping
 j - a scroll of enchant weapon
 l - 2 scrolls of vulnerability
 m - 2 scrolls of blinking
 p - 7 scrolls of teleportation
 x - 3 scrolls of fear
 E - 4 scrolls of identify
 F - a scroll of enchant armour
 H - 2 scrolls of fog
 J - a scroll of poison
Potions
 c - a potion of cancellation
 e - 12 potions of curing
 q - 3 potions of magic
 u - 2 potions of attraction
 v - a potion of might
 w - 4 potions of lignification
 z - 3 potions of mutation
 A - 6 potions of flight
 B - 4 potions of resistance
 I - a potion of brilliance {unknown}


   Skills:
 + Level 5.3 Fighting
 * Level 6.5 Axes
 + Level 6.3 Dodging
 + Level 6.9 Stealth
 + Level 6.3 Spellcasting
 + Level 2.9 Conjurations
 * Level 2.7 Necromancy
 - Level 1.0 Transmutations
 + Level 9.6 Poison Magic
 * Level 6.1 Invocations


You had 6 spell levels left.
You knew the following spells:

 Your Spells              Type           Power      Damage    Failure   Level
a - Sting                 Tmut/Pois      100%       1d8       1%          1
b - Poisonous Vapours     Pois/Air       48%        N/A       2%          2
c - Mephitic Cloud        Conj/Pois/Air  21%        N/A       6%          3
d - Olgreb's Toxic Radia  Pois           42%        N/A       1%          4
e - Gell's Gravitas       Tloc           5%         N/A       32%         3
f - Vampiric Draining     Necr           16%        2d7       11%         3

Your spell library contained the following spells:

 Spells                   Type           Power      Damage    Failure   Level
 Necrotise                Necr           64%        1d7       3%          1
 Spider Form              Tmut/Pois      26%        N/A       3%          3
 Beastly Appendage        Tmut           18%        N/A       7%          1
 Wereblood                Tmut           9%         N/A       11%         2
 Lesser Beckoning         Tloc           5%         N/A       32%         3
 Teleport Other           Tloc           5%         N/A       32%         3
 Agony                    Necr           16%        N/A       67%         5


Dungeon Overview and Level Annotations

Branches:
Dungeon (11/15)            Temple (1/1) D:4            Lair (0/5) D:11
    Orc: D:9-12

Altars:
Ashenzari
Cheibriados
Dithmenos
Elyvilon
Fedhas
Gozag
Hepliaklqana
Kikubaaqudgha
Makhleb
Nemelex Xobeh
Okawaru
Qazlal
Ru
Sif Muna
Trog
Uskayaw
Vehumet
Wu Jian
Xom
Yredelemnul
Zin
The Shining One

Shops:
D:7 ?   D:10 *

Annotations:
D:2 Sigmund
D:4 2 transporters, codl's ghost, amateur DrTm
D:5 exclusion: statue
D:6 3 runed translucent doors, Garym's ghost, novice MiBe
D:7 2 transporters, yokelz's ghost, novice PaFi


Innate Abilities, Weirdness & Mutations

You can breathe waves of freezing cold which knock back foes.
Your icy white scales are hard. (AC +7)
You cannot fit into any form of body armour.
Your flesh is cold resistant. (rC+)
You are cold-blooded and may be slowed by cold attacks.


Message History

You see here a +1 helmet.
There is a stone staircase leading down here.
You enter the shallow water.
Moving in this stuff is going to be slow.
You enter the shallow water.
Moving in this stuff is going to be slow.
A molten gargoyle comes into view. It is wielding a +6 quarterstaff.
Aiming: Breathe Frost (3% risk of failure)
Press: ? - help, Shift-Dir - straight line, f - molten gargoyle
Aim: a molten gargoyle, wielding a +6 quarterstaff (thin mist, 81% to hit)
You exhale a wave of freezing cold.
The freezing breath misses the molten gargoyle.
You hear a shout!
The molten gargoyle blasts magma at you!
The bolt of magma hits you!!
Aiming: Fastroot
Press: ? - help, Shift-Dir - straight line, f/p - molten gargoyle
Aim: a molten gargoyle, wielding a +6 quarterstaff (thin mist)
The roots erupt in riotous growth!
Roots grab the molten gargoyle.
The grasping roots constrict the molten gargoyle.
The molten gargoyle blasts magma at you!
The bolt of magma hits you!
You have got your breath back.
The grasping roots constrict the molten gargoyle.
The roots release their grip on the molten gargoyle.
You hit the molten gargoyle but do no damage.
The molten gargoyle is moderately damaged.
An acid dragon comes into view.
The molten gargoyle hits you with a +6 quarterstaff!!
You are engulfed in flames!
* * * LOW HITPOINT WARNING * * *
You block the molten gargoyle's attack.
You are too injured to fight recklessly!
Okay, then.
You are confused.
You feel invigorated.
The molten gargoyle blasts magma at you!
The bolt of magma hits you!!
You die...

#.~.~~~~<~~~..~.~
#~.≈~~~~(~~~~..~.
#.~~≈~~[~~~~~~≈.. #
#≈~≈~~~~~~~≈~~~~. #.##
#.~~~~~[~~≈~~~≈..
#.~~####~.~~≈~~~≈~~~..~.
.~~~~....~.~~≈~~)~~..... #
~~~~~...~...~~~~~~≈...~. #.
D~~~~..@.~.~.~~~~....~.~ #..
.~~~~##9~.....~~....~.~.
##.§§#######§..~.~...~.~.~.~.≈
....§§§§§§§§§.~.~.~.........~.
.#§§§§§§§§§§.~.~.~.~.~.~...~
....§§§§§§§§§§..~.~.≈.~...~.~.
##..§#######...~)≈.~~~~~.~....
#.. ###..~.≈~≈~≈~~.~... #.
#.~.~~≈~≈~≈~~.~~~


You could see a molten gargoyle and an acid dragon (wandering).

Vanquished Creatures
  A two-headed ogre (D:11)
  A cyclops (D:11)
  A gargoyle (D:10)
  3 kobold demonologists (D:9)
  Psyche (D:8)
  A troll (D:9)
  2 hornets
  A wraith (D:10)
  16 yaks
  A shadow (D:11)
  Grum (D:8)
  3 steam dragons
  4 vampire mosquitoes (D:11)
  An acid dragon (D:8)
  A water moccasin (D:7)
  2 orc warriors
  An ice beast (D:7)
  3 ogres
  8 centaurs
  2 wolves (D:8)
  5 kobold brigands (D:9)
  A necrophage (D:5)
  2 bullfrogs (D:7)
  A scorpion (D:6)
  A gnoll sergeant (D:10)
  10 wights
  14 killer bees
  3 electric eels (D:11)
  A gnoll bouda (D:9)
  5 orc priests
  3 hounds
  2 jellies
  16 orc wizards
  4 iguanas
  17 gnolls
  9 adders
  A shadow imp (D:5)
  2 white imps
  3 ufetubi
  A dart slug (D:3)
  33 orcs
  4 bats
  9 endoplasms
  5 giant cockroaches
  10 goblins
  5 hobgoblins (D:1)
  7 jackals
  5 quokkas
  8 ball pythons
  5 frilled lizards
  2 hobgoblin zombies (D:6)
  16 kobolds
  3 kobold skeletons (D:6)
  4 kobold zombies (D:6)
  An orc skeleton (D:6)
  4 rats
276 creatures vanquished.

Notes
Turn   | Place    | Note
-------+----------+-------------------------------------------
     0 | D:1      | raph the Draconian Venom Mage began the quest for the Orb.
     0 | D:1      | Reached XP level 1. HP: 14/14 MP: 3/3
   187 | D:1      | Reached XP level 2. HP: 4/20 MP: 1/5
   749 | D:1      | Learned a level 2 spell: Poisonous Vapours
  1358 | D:1      | Reached XP level 3. HP: 26/26 MP: 3/6
  1869 | D:1      | Found a faded altar of an unknown god.
  2921 | D:2      | Reached XP level 4. HP: 33/33 MP: 1/7
  3600 | D:2      | Learned a level 3 spell: Mephitic Cloud
  3688 | D:2      | Reached skill level 4 in Poison Magic
  4088 | D:2      | Noticed Sigmund
  5084 | D:3      | Reached XP level 5. HP: 38/38 MP: 3/9
  5771 | D:3      | Identified a scroll of acquirement
  5771 | D:3      | Acquired the +1 cloak of the Moon Troll {rC+ Str+4}
  5788 | D:3      | Identified the +6 war axe "Goblinbane" {freeze, rN+ Will+
                  | Str+3 Dex+4}
  6217 | D:4      | Found a transporter.
  6217 | D:4      | Noticed codl's ghost (amateur DrTm)
  6759 | D:4      | Identified the +3 mace "Edaluer" {spect, rF+ rCorr Dex+2}
  6785 | D:4      | Reached XP level 6. HP: 45/45 MP: 7/10
  6829 | D:4      | Found a staircase to the Ecumenical Temple.
  6835 | Temple   | Entered the Ecumenical Temple
  6913 | Temple   | Learned a level 4 spell: Olgreb's Toxic Radiance
  6945 | Temple   | Became a worshipper of Sif Muna the Loreminder
  7063 | D:4      | Found a transporter.
  7114 | D:5      | Entered Level 5 of the Dungeon
  7116 | D:5      | Reached skill level 5 in Poison Magic
  7443 | D:5      | Your scales start taking on an icy white colour.
  7443 | D:5      | Reached XP level 7. HP: 50/50 MP: 12/12
  7443 | D:5      | Gained mutation: Your flesh is cold resistant. (rC+) [White
                  | Draconian growth]
  7477 | D:5      | Reached * piety under Sif Muna
  7785 | D:5      | Reached skill level 6 in Poison Magic
  7881 | D:5      | Noticed a steam dragon
  7883 | D:5      | Found a radiant altar of Vehumet.
  7904 | D:5      | Killed a steam dragon
  8938 | D:6      | Reached XP level 8. HP: 57/57 MP: 14/14
  8941 | D:6      | Found a glowing golden altar of the Shining One.
  9002 | D:6      | Reached skill level 1 in Fighting
  9106 | D:6      | Reached skill level 7 in Poison Magic
  9435 | D:6      | Reached skill level 1 in Axes
  9659 | D:6      | Found a runed translucent gate.
  9659 | D:6      | Found a runed translucent gate.
  9659 | D:6      | Noticed Garym's ghost (novice MiBe)
  9659 | D:6      | Identified the +8 chain mail "Wafrat" {Dex+7}
  9660 | D:6      | Found a runed translucent gate.
  9828 | D:6      | Reached skill level 5 in Stealth
 10313 | D:7      | Found a stormy altar of Qazlal.
 10416 | D:7      | Noticed yokelz's ghost (novice PaFi)
 10417 | D:7      | Found a transporter.
 10423 | D:7      | Found a transporter.
 10450 | D:7      | Reached XP level 9. HP: 51/68 MP: 16/16
 10628 | D:7      | Reached ** piety under Sif Muna
 10639 | D:7      | Learned a level 3 spell: Gell's Gravitas
 10898 | D:7      | Reached skill level 5 in Dodging
 10898 | D:7      | Reached skill level 5 in Spellcasting
 10969 | D:7      | Reached skill level 8 in Poison Magic
 11025 | D:7      | Found Lanead's Magic Scroll Shoppe.
 11031 | D:7      | Bought a scroll of identify for 26 gold pieces
 11031 | D:7      | Bought a scroll of fear for 52 gold pieces
 11031 | D:7      | Bought a scroll of teleportation for 39 gold pieces
 11072 | D:7      | Reached skill level 1 in Invocations
 11640 | D:8      | Noticed Psyche
 11655 | D:8      | Killed Psyche
 11975 | D:8      | Noticed Grum
 12440 | D:8      | Killed Grum
 12441 | D:8      | Reached XP level 10. HP: 64/78 MP: 15/18
 12515 | D:8      | Identified the +7 quarterstaff of Courage {flame, rN+}
 13224 | D:9      | Reached skill level 5 in Axes
 13224 | D:9      | Reached skill level 1 in Conjurations
 13225 | D:9      | Noticed a smoke demon
 13228 | D:9      | Reached skill level 9 in Poison Magic
 13231 | D:9      | Noticed a sun demon
 13454 | D:9      | Found a bloodstained altar of Trog.
 13454 | D:9      | Found a blossoming altar of Fedhas.
 13454 | D:9      | Found a sacrificial altar of Ru.
 13454 | D:9      | Found a broken altar of Ashenzari.
 13463 | D:9      | Reached *** piety under Sif Muna
 13466 | D:9      | Reached skill level 5 in Invocations
 14369 | D:10     | Entered Level 10 of the Dungeon
 14460 | D:10     | Learned a level 3 spell: Vampiric Draining
 14472 | D:10     | Reached skill level 1 in Necromancy
 14472 | D:10     | Reached XP level 11. HP: 75/85 MP: 20/20
 14473 | D:10     | Reached skill level 5 in Fighting
 15573 | D:10     | Found a burning altar of Makhleb.
 15594 | D:10     | Found Qoqug's General Store.
 15714 | D:10     | Found an opulent altar of Gozag.
 16279 | D:11     | Noticed a two-headed ogre
 16284 | D:11     | Killed a two-headed ogre
 16959 | D:11     | Found a staircase to the Lair.
 17074 | D:11     | Killed from afar by a molten gargoyle

Illustrated notes

Levels and vault maps discovered:
D:1:      minmay_arrival_widening_spiral_wide, layout_basic,
          nicolae_ecumenical_lake_church
D:2:      layout_basic, uniq_sigmund
D:3:      layout_basic, grunt_decor_resistance, serial_bayou_lagoon_b
D:4:      nicolae_cairo_tiling_large, layout_rooms,
          minmay_temple_entry_enclosed_plants, gammafunk_ghost_mausoleum
D:5:      nicolae_BIG_FREAKIN_CUBE, layout_loops_ring, vehumet_statue,
          nrook_uturn
D:6:      layout_basic, nicolae_tso_besieged_by_evil,
          biasface_ghost_orc_armoury, minivault_10
D:7:      layout_loops_cross, mainiacjoe_overflow_alcove_2, serial_shops, shop,
          gammafunk_ghost_arena, kennysheep_nondescript
D:8:      layout_rooms, uniq_grum, uniq_psyche
D:9:      layout_basic, chequers_temple_overflow_statue_of_worship
D:10:     layout_layer_cave, nicolae_gozag_cash_rules_everything_around_me,
          mainiacjoe_overflow_boulevard, serial_shops,
          nicolae_shop_behind_doors, minmay_misc_feat_chi
D:11:     layout_basic, beargit_hepliaklqana_dungeon_heroes
Temple:   dshaligram_water_room_temple

Skill      XL: |  1  2  3  4  5  6  7  8  9 10 11 |
---------------+----------------------------------+-----
Stealth        | 2 3 4 5 6 |  6.9
Dodging        | 2 3 4 5 6 |  6.3
Poison Magic   | 4 5 6 7 8 9 |  9.6
Spellcasting   | 3 4 5 6 |  6.3
Fighting       | 2 3 4 5 |  5.3
Axes           | 2 4 5 6 |  6.5
Invocations    | 3 5 6 |  6.1
Conjurations   | 2 |  2.9
Necromancy     | 1 2 |  2.7
Transmutations | |  1.0

Action                   |  1- 3 |  4- 6 |  7- 9 | 10-12 || total
-------------------------+-------+-------+-------+-------++-------
Melee: Unarmed           |     5 |       |       |       ||     5
       Whip              |    30 |    33 |       |       ||    63
       Tailslap          |     5 |     4 |    19 |    11 ||    39
       War axe           |       |    50 |   177 |   112 ||   339
       Punch             |       |     1 |     2 |     2 ||     5
 Cast: Sting             |    38 |    54 |    63 |    14 ||   169
       Poisonous Vapours |    14 |    29 |     3 |     4 ||    50
       Mephitic Cloud    |       |     1 |    10 |     6 ||    17
       Olgreb's Toxic Ra |       |       |    18 |    26 ||    44
 Abil: Breathe Frost     |       |       |     6 |     3 ||     9
Evoke: Wand              |       |       |       |     5 ||     5
  Use: Scroll            |     1 |    12 |     8 |     4 ||    25
       Potion            |       |       |       |     1 ||     1
 Stab: Sleeping          |       |     3 |     5 |     1 ||     9
       Confused          |       |     1 |     1 |     1 ||     3
       Distracted        |       |       |     1 |       ||     1
Armor: Skin              |    19 |    44 |    58 |    50 ||   171
Dodge: Dodged            |    43 |    85 |   154 |    98 ||   380
Block: Other             |       |       |    15 |    39 ||    54
       Reflection        |       |       |       |     3 ||     3
